TOP OF THE 1ST |
Boston (APP) Red Sox batting - Pitching for Bluefield Blue Jays : RHP Takehide Tanaka
|
Pitching: RHP Takehide Tanaka
|
|
Batting: RHB Curt Stallings
|
0-0: Ball 1-0: Called Strike 1-1: Ball 2-1: Swinging Strike 2-2: Strikes out swinging
|
Batting: RHB Rogelio Cervantes
|
0-0: Ball 1-0: Swinging Strike 1-1: Foul Ball, location: 2F 1-2: Ball 2-2: Strikes out swinging
|
Batting: LHB Frank Olivo
|
0-0: Called Strike 0-1: Swinging Strike 0-2: Ball 1-2: Ball 2-2: Strikes out swinging
|
Top of the 1st over - 0 runs, 0 hits, 0 errors, 0 left on base; Boston (APP) 0 - Bluefield 0 |
BOTTOM OF THE 1ST |
Bluefield Blue Jays batting - Pitching for Boston (APP) Red Sox : RHP Jon Olivo
|
Pitching: RHP Jon Olivo
|
|
Batting: RHB Justin Geiger
|
0-0: Ball 1-0: Ground out 4-3 (Groundball, 4, EV 88.8 MPH)
|
Batting: RHB Justin Powell
|
0-0: Foul Ball, location: 2F 0-1: Ball 1-1: Ball 2-1: Ball 3-1: Foul Ball, location: 2F 3-2: Foul Ball, location: 2F 3-2: Foul Ball, location: 2F 3-2: Foul Ball, location: 2F 3-2: TRIPLE (Line Drive, 89XD, EV 108.8 MPH)
|
Batting: LHB Cesar Arteaga
|
0-0: Ball 1-0: Ball 2-0: Swinging Strike 2-1: Ball 3-1: Base on Balls
|
Batting: RHB Jordan Fairburn
|
0-0: Called Strike 0-1: Called Strike 0-2: Strikes out looking
|
Batting: SHB Ryan Chicoine
|
0-0: Ball 1-0: Ball 2-0: Foul Ball, location: 2F 2-1: Called Strike 2-2: Ball 3-2: SINGLE (Groundball, 56D, EV 100.0 MPH) Justin Powell scores Cesar Arteaga to second Cesar Arteaga to third
|
Batting: RHB Mike Johnson
|
0-0: Ball Ryan Chicoine steals 2nd base 1-0: Ball 2-0: Called Strike 2-1: Ball 3-1: Ground out 5-3 (Groundball, 56, EV 92.5 MPH)
|
Bottom of the 1st over - 1 run, 2 hits, 0 errors, 2 left on base; Boston (APP) 0 - Bluefield 1 |
TOP OF THE 2ND |
Boston (APP) Red Sox batting - Pitching for Bluefield Blue Jays : RHP Takehide Tanaka
|
Batting: SHB Eric Evans
|
0-0: Swinging Strike 0-1: Swinging Strike 0-2: Strikes out looking
|
Batting: RHB Mike Strey
|
0-0: Ball 1-0: Called Strike 1-1: Fly out, F6 (Popup, 6M, EV 56.9 MPH)
|
Batting: RHB Ben Crossley
|
0-0: Ball 1-0: Fly out, F8 (Flyball, 8RM, EV 92.5 MPH)
|
Top of the 2nd over - 0 runs, 0 hits, 0 errors, 0 left on base; Boston (APP) 0 - Bluefield 1 |
BOTTOM OF THE 2ND |
Bluefield Blue Jays batting - Pitching for Boston (APP) Red Sox : RHP Jon Olivo
|
Batting: RHB Wade Diamond
|
0-0: Ball 1-0: Called Strike 1-1: Called Strike 1-2: Strikes out swinging, 2-3 out at first.
|
Batting: RHB Tokuji Kawabata
|
0-0: DOUBLE (Line Drive, 89XD, EV 96.9 MPH)
|
Batting: RHB Selam Chimsima
|
0-0: Ball 1-0: Called Strike 1-1: Ground out 6-3 (Groundball, 6, EV 85.6 MPH) Tokuji Kawabata to third
|
Batting: RHB Justin Geiger
|
0-0: Ball 1-0: Ball 2-0: Swinging Strike 2-1: Foul Ball, location: 2F 2-2: Foul Ball, location: 2F 2-2: Foul Ball, location: 2F 2-2: Fly out, F4 (Line Drive, 4, EV 65.0 MPH)
|
Bottom of the 2nd over - 0 runs, 1 hit, 0 errors, 1 left on base; Boston (APP) 0 - Bluefield 1 |
TOP OF THE 3RD |
Boston (APP) Red Sox batting - Pitching for Bluefield Blue Jays : RHP Takehide Tanaka
|
Batting: RHB Paul Bennett
|
0-0: Ground out 6-3 (Groundball, 56, EV 98.8 MPH)
|
Batting: RHB Dominique Paolozzi
|
0-0: Ball 1-0: Swinging Strike 1-1: Foul Ball, location: 2F 1-2: Ball 2-2: Ball 3-2: Strikes out swinging
|
Batting: RHB Joe Booth
|
0-0: Ball 1-0: Called Strike 1-1: Ball 2-1: Called Strike 2-2: Strikes out swinging
|
Top of the 3rd over - 0 runs, 0 hits, 0 errors, 0 left on base; Boston (APP) 0 - Bluefield 1 |
BOTTOM OF THE 3RD |
Bluefield Blue Jays batting - Pitching for Boston (APP) Red Sox : RHP Jon Olivo
|
Batting: RHB Justin Powell
|
0-0: Fly out, F8 (Flyball, 8LS, EV 89.4 MPH)
|
Batting: LHB Cesar Arteaga
|
0-0: DOUBLE (Line Drive, 7LS, EV 100.0 MPH)
|
Batting: RHB Jordan Fairburn
|
0-0: Ball Cesar Arteaga steals 3rd, throwing error, E2 Cesar Arteaga scores 1-0: Ball 2-0: Called Strike 2-1: Ball 3-1: Hit by Pitch
|
Batting: SHB Ryan Chicoine
|
0-0: Hit by Pitch Jordan Fairburn to second
|
Batting: RHB Mike Johnson
|
0-0: Fielders Choice at 2nd, 3-6 (Groundball, 34D, EV 86.3 MPH) Jordan Fairburn to third
|
Batting: RHB Wade Diamond
|
0-0: Ball 1-0: Swinging Strike 1-1: Ball 2-1: Ball 3-1: SINGLE (Line Drive, 4MD, EV 108.8 MPH) Jordan Fairburn scores Mike Johnson to second
|
Batting: RHB Tokuji Kawabata
|
0-0: Ball 1-0: Ball 2-0: Called Strike 2-1: 3-RUN HOME RUN (Line Drive, 78XD, EV 115.0 MPH), Distance : 462 ft
|
Pitching: RHP Josh Graham
|
|
Batting: RHB Selam Chimsima
|
0-0: Ball 1-0: Ball 2-0: Called Strike 2-1: Foul Ball, location: 2F 2-2: Strikes out swinging
|
Bottom of the 3rd over - 5 runs, 3 hits, 1 error, 0 left on base; Boston (APP) 0 - Bluefield 6 |
TOP OF THE 4TH |
Boston (APP) Red Sox batting - Pitching for Bluefield Blue Jays : RHP Takehide Tanaka
|
Batting: RHB Curt Stallings
|
0-0: DOUBLE (Flyball, 8RXD, EV 103.1 MPH)
|
Batting: RHB Rogelio Cervantes
|
0-0: Ground out U3 (Groundball, 3L, EV 93.1 MPH) Curt Stallings to third
|
Batting: LHB Frank Olivo
|
0-0: Called Strike 0-1: Ball Wild Pitch! Curt Stallings scores 1-1: Foul Ball, location: 2F 1-2: Strikes out swinging
|
Batting: SHB Eric Evans
|
0-0: Called Strike 0-1: Ball 1-1: Called Strike 1-2: Ball 2-2: Ball 3-2: Strikes out swinging
|
Top of the 4th over - 1 run, 1 hit, 0 errors, 0 left on base; Boston (APP) 1 - Bluefield 6 |
BOTTOM OF THE 4TH |
Bluefield Blue Jays batting - Pitching for Boston (APP) Red Sox : RHP Josh Graham
|
Batting: RHB Justin Geiger
|
0-0: Ball 1-0: Ball 2-0: Ball 3-0: Called Strike 3-1: Fly out, F9 (Flyball, 9D, EV 90.6 MPH)
|
Batting: RHB Justin Powell
|
0-0: SINGLE (Groundball, 56S, EV 69.4 MPH) (infield hit)
|
Batting: LHB Cesar Arteaga
|
0-0: Called Strike Justin Powell steals 2nd base 0-1: Called Strike 0-2: SINGLE (Groundball, 15S, EV 68.1 MPH) (infield hit) Justin Powell to third
|
Batting: RHB Jordan Fairburn
|
0-0: Called Strike 0-1: Ball Cesar Arteaga steals 2nd base (no throw) 1-1: Foul Ball, location: 2F 1-2: 3-RUN HOME RUN (Flyball, 7D, EV 97.5 MPH), Distance : 378 ft
|
Batting: SHB Ryan Chicoine
|
0-0: Called Strike 0-1: Swinging Strike 0-2: Foul Ball, location: 2F 0-2: Strikes out swinging
|
Batting: RHB Mike Johnson
|
0-0: Called Strike 0-1: Called Strike 0-2: Ball 1-2: Strikes out swinging
|
Bottom of the 4th over - 3 runs, 3 hits, 0 errors, 0 left on base; Boston (APP) 1 - Bluefield 9 |
TOP OF THE 5TH |
Boston (APP) Red Sox batting - Pitching for Bluefield Blue Jays : RHP Takehide Tanaka
|
Batting: RHB Mike Strey
|
0-0: Called Strike 0-1: Ball 1-1: Swinging Strike 1-2: DOUBLE (Line Drive, 9LS, EV 108.8 MPH)
|
Batting: RHB Ben Crossley
|
0-0: Ball 1-0: Ball 2-0: Ground out 6-3 (Groundball, 6, EV 103.8 MPH)
|
Batting: RHB Paul Bennett
|
0-0: Called Strike 0-1: Foul Ball, location: 2F 0-2: SINGLE (Line Drive, 4D, EV 96.3 MPH) Mike Strey to third
|
Batting: RHB Dominique Paolozzi
|
0-0: Ball 1-0: Ball 2-0: Swinging Strike 2-1: Foul Ball, location: 2F 2-2: Foul Ball, location: 2F 2-2: Strikes out looking
|
Batting: RHB Joe Booth
|
0-0: Called Strike 0-1: Ball 1-1: Foul Ball, location: 2F 1-2: Foul Ball, location: 2F 1-2: Fielders Choice at 2nd, U6 (Groundball, 6M, EV 110.6 MPH)
|
Top of the 5th over - 0 runs, 2 hits, 0 errors, 2 left on base; Boston (APP) 1 - Bluefield 9 |
BOTTOM OF THE 5TH |
Bluefield Blue Jays batting - Pitching for Boston (APP) Red Sox : RHP Josh Graham
|
Batting: RHB Wade Diamond
|
0-0: Ball 1-0: Foul Ball, location: 2F 1-1: Ground out 6-3 (Groundball, 6, EV 83.8 MPH)
|
Batting: RHB Tokuji Kawabata
|
0-0: Ball 1-0: SINGLE (Line Drive, 56D, EV 100.0 MPH)
|
Batting: RHB Selam Chimsima
|
0-0: Called Strike Tokuji Kawabata is caught stealing 2nd base 2-4 0-1: Ball 1-1: Foul Ball, location: 2F 1-2: Strikes out swinging
|
Bottom of the 5th over - 0 runs, 1 hit, 0 errors, 0 left on base; Boston (APP) 1 - Bluefield 9 |
TOP OF THE 6TH |
Boston (APP) Red Sox batting - Pitching for Bluefield Blue Jays : RHP Takehide Tanaka
|
Batting: RHB Curt Stallings
|
0-0: Ball 1-0: Called Strike 1-1: Ball 2-1: Foul Ball, location: 2F 2-2: Strikes out swinging
|
Batting: RHB Rogelio Cervantes
|
0-0: Ball 1-0: Ball 2-0: Foul Ball, location: 2F 2-1: Called Strike 2-2: Strikes out swinging
|
Batting: LHB Frank Olivo
|
0-0: Ball 1-0: DOUBLE (Line Drive, 3D, EV 95.6 MPH)
|
Batting: SHB Eric Evans
|
0-0: Ball 1-0: Ball 2-0: Foul Ball, location: 2F 2-1: Ball 3-1: Swinging Strike 3-2: Foul Ball, location: 2F 3-2: SINGLE (Groundball, 6MS, EV 68.8 MPH) (infield hit) Frank Olivo to third
|
Batting: RHB Mike Strey
|
0-0: DOUBLE (Line Drive, 9LS, EV 95.0 MPH) Frank Olivo scores Eric Evans to third Runner from 3rd tries for Home, SAFE, throw by RF to home
|
Batting: RHB Ben Crossley
|
0-0: 2-RUN HOME RUN (Flyball, 7LD, EV 94.4 MPH), Distance : 339 ft
|
Pitching: LHP Akinori Morikawa
|
|
Batting: RHB Paul Bennett
|
0-0: SINGLE (Groundball, 25, EV 66.9 MPH) (infield hit)
|
Batting: RHB Dominique Paolozzi
|
0-0: Called Strike 0-1: Ball 1-1: Ball Wild Pitch! Paul Bennett to second 2-1: Ball 3-1: Called Strike 3-2: Strikes out swinging
|
Top of the 6th over - 4 runs, 5 hits, 0 errors, 1 left on base; Boston (APP) 5 - Bluefield 9 |
BOTTOM OF THE 6TH |
Bluefield Blue Jays batting - Pitching for Boston (APP) Red Sox : RHP Josh Graham
|
Pitching: RHP Victor Fuentes
|
|
Batting: RHB Justin Geiger
|
0-0: Called Strike 0-1: Fly out, F9 (Flyball, 9LM, EV 81.9 MPH)
|
Batting: RHB Justin Powell
|
0-0: Ball 1-0: DOUBLE (Line Drive, 78XD, EV 100.0 MPH)
|
Batting: LHB Cesar Arteaga
|
0-0: Ball Justin Powell steals 3rd base 1-0: Called Strike 1-1: Ball 2-1: Ball 3-1: Swinging Strike 3-2: Foul Ball, location: 2F 3-2: Fly out, F7 (Flyball, 7D, EV 81.9 MPH) Runner from 3rd tags up, SCORES, throw by LF
|
Batting: RHB Jordan Fairburn
|
0-0: Ball 1-0: Called Strike 1-1: Foul Ball, location: 2F 1-2: Strikes out swinging
|
Bottom of the 6th over - 1 run, 1 hit, 0 errors, 0 left on base; Boston (APP) 5 - Bluefield 10 |
TOP OF THE 7TH |
Boston (APP) Red Sox batting - Pitching for Bluefield Blue Jays : LHP Akinori Morikawa
|
Now at 2B: Gary Wilson
|
|
Now at SS: Jordan Fairburn
|
|
Batting: RHB Joe Booth
|
0-0: Ball 1-0: Swinging Strike 1-1: Swinging Strike 1-2: Ball 2-2: Strikes out swinging
|
Batting: RHB Curt Stallings
|
0-0: Ground out 4-3 (Groundball, 4, EV 106.9 MPH)
|
Batting: RHB Rogelio Cervantes
|
0-0: Called Strike 0-1: Ground out 1-3 (Groundball, 13S, EV 64.4 MPH)
|
Top of the 7th over - 0 runs, 0 hits, 0 errors, 0 left on base; Boston (APP) 5 - Bluefield 10 |
BOTTOM OF THE 7TH |
Bluefield Blue Jays batting - Pitching for Boston (APP) Red Sox : RHP Victor Fuentes
|
Batting: SHB Ryan Chicoine
|
0-0: Foul Ball, location: 2F 0-1: Swinging Strike 0-2: Strikes out swinging
|
Batting: RHB Mike Johnson
|
0-0: Ball 1-0: Ball 2-0: Ball 3-0: Base on Balls
|
Batting: RHB Wade Diamond
|
0-0: Ball Wild Pitch! Mike Johnson to second 1-0: Foul Ball, location: 2F 1-1: Ball 2-1: Ball 3-1: Base on Balls
|
Batting: RHB Gary Wilson
|
0-0: Ball 1-0: Ball 2-0: Ball 3-0: Called Strike 3-1: Fielders Choice at 2nd, 3-6 (Groundball, 13, EV 85.0 MPH) Mike Johnson to third
|
Batting: RHB Selam Chimsima
|
0-0: Ball 1-0: Called Strike 1-1: Ball 2-1: Ball 3-1: Base on Balls Gary Wilson to second
|
Batting: RHB Justin Geiger
|
0-0: Foul Ball, location: 2F 0-1: Foul Ball, location: 2F 0-2: Ball 1-2: Ball 2-2: SINGLE (Groundball, 6MD, EV 94.4 MPH) Mike Johnson scores Gary Wilson to third Selam Chimsima to second Runner from 3rd tries for Home, SAFE, throw by CF to home
|
Batting: RHB Justin Powell
|
0-0: Foul Ball, location: 2F 0-1: SINGLE (Groundball, 34D, EV 107.5 MPH) Selam Chimsima to third Justin Geiger to second Runner from 3rd tries for Home, SAFE, throw by RF to home
|
Batting: LHB Cesar Arteaga
|
0-0: Called Strike 0-1: Ball 1-1: Swinging Strike 1-2: Ball 2-2: Ball 3-2: Foul Ball, location: 2F 3-2: Ground out 5-3 (Groundball, 56, EV 110.6 MPH)
|
Bottom of the 7th over - 3 runs, 2 hits, 0 errors, 2 left on base; Boston (APP) 5 - Bluefield 13 |
TOP OF THE 8TH |
Boston (APP) Red Sox batting - Pitching for Bluefield Blue Jays : LHP Akinori Morikawa
|
Pinch Hitting: RHB Rich Boysen
|
0-0: Called Strike 0-1: Ball 1-1: Swinging Strike 1-2: Strikes out looking
|
Batting: SHB Eric Evans
|
0-0: Ball 1-0: Called Strike 1-1: Foul Ball, location: 2F 1-2: Ball 2-2: Ball 3-2: Foul Ball, location: 2F 3-2: Base on Balls
|
Batting: RHB Mike Strey
|
0-0: Ball 1-0: Called Strike 1-1: Foul Ball, location: 2F 1-2: Ball 2-2: Strikes out swinging
|
Batting: RHB Ben Crossley
|
0-0: Ball 1-0: Ball 2-0: Ball 3-0: Base on Balls Eric Evans to second
|
Batting: RHB Paul Bennett
|
0-0: Ground out 5-3 (Groundball, 56S, EV 65.0 MPH)
|
Top of the 8th over - 0 runs, 0 hits, 0 errors, 2 left on base; Boston (APP) 5 - Bluefield 13 |
BOTTOM OF THE 8TH |
Bluefield Blue Jays batting - Pitching for Boston (APP) Red Sox : RHP Victor Fuentes
|
Pitching: RHP Mike Tolley
|
|
Now at 1B: Rich Boysen
|
|
Batting: RHB Jordan Fairburn
|
0-0: Ball 1-0: Ball 2-0: Ball 3-0: Called Strike 3-1: Swinging Strike 3-2: SOLO HOME RUN (Line Drive, 78XD, EV 115.0 MPH), Distance : 433 ft
|
Batting: SHB Ryan Chicoine
|
0-0: Ball 1-0: Foul Ball, location: 2F 1-1: SINGLE (Flyball, 89S, EV 91.9 MPH)
|
Batting: RHB Mike Johnson
|
0-0: Swinging Strike 0-1: Fly out, F8 (Flyball, 8RM, EV 88.8 MPH)
|
Batting: RHB Wade Diamond
|
0-0: Ball 1-0: Called Strike 1-1: Ball 2-1: Foul Ball, location: 2F 2-2: Foul Ball, location: 2F 2-2: Strikes out looking
|
Batting: RHB Gary Wilson
|
0-0: Called Strike 0-1: Ball 1-1: Ground out 5-3 (Groundball, 56S, EV 76.9 MPH)
|
Bottom of the 8th over - 1 run, 2 hits, 0 errors, 1 left on base; Boston (APP) 5 - Bluefield 14 |
TOP OF THE 9TH |
Boston (APP) Red Sox batting - Pitching for Bluefield Blue Jays : LHP Akinori Morikawa
|
Now in LF: Wade Diamond
|
|
Now in CF: Jose Ontiveros
|
|
Batting: RHB Dominique Paolozzi
|
0-0: Foul Ball, location: 2F 0-1: Called Strike 0-2: Ball 1-2: Foul Ball, location: 2F 1-2: Ball 2-2: Strikes out looking
|
Pitching: LHP Lance Cagle
|
|
Batting: RHB Joe Booth
|
0-0: Swinging Strike 0-1: Ball 1-1: Swinging Strike 1-2: Hit by Pitch
|
Batting: RHB Curt Stallings
|
0-0: Foul Ball, location: 2F 0-1: Ball 1-1: Fly out, F7 (Flyball, 7, EV 76.3 MPH)
|
Batting: RHB Rogelio Cervantes
|
0-0: Swinging Strike 0-1: Fly out, F4 (Flyball, 4D, EV 72.5 MPH)
|
Top of the 9th over - 0 runs, 0 hits, 0 errors, 1 left on base; Boston (APP) 5 - Bluefield 14 |
|